 Dungeon Crawl Stone Soup version 0.17-a0-1262-gd250d98 (webtiles) character file.

394 patman the Twirler (level 6, -2/44 HPs)
             Began as a Mummy Gladiator on June 6, 2015.
             Was an Initiate of Trog.
             Slain by an ufetubus (4 damage)
             ... summoned by Eustachio
             ... on level 4 of the Dungeon.
             The game lasted 00:09:10 (4131 turns).

patman the Twirler (Mummy Gladiator)                Turns: 4131, Time: 00:09:10

Health: -2/44      AC:  9    Str: 19    XL:     6   Next: 51%
Magic:  6/6        EV:  8    Int:  7    God:    Trog [......]
Gold:   259        SH:  0    Dex: 14    Spells: 0 memorised, 5 levels left

rFire  . . .     SeeInvis .     a - +0 quarterstaff
rCold  . . .     Clarity  .     h - +0 chain mail
rNeg   + + +     SustAt   +     (no shield)
rPois  ∞         Gourm    .     c - +0 helmet
rElec  .         Spirit   .     (no cloak)
rCorr  .         Warding  .     (no gloves)
rMut   .         Stasis   .     (no boots)
MR     .....                    (no amulet)
Stlth  ..........               n - ring of sustain attributes
                                l - ring of fire

@: confused, not resistant to hostile enchantments, extremely unstealthy
A: no food or potions, fire vulnerability, cold resistance 1, negative energy
resistance 3, torment resistance, unbreathing
a: Burn Spellbooks, Renounce Religion


You were on level 4 of the Dungeon.
You worshipped Trog.
Trog was noncommittal.
You were not hungry.

You visited 2 branches of the dungeon, and saw 5 of its levels.

You collected 259 gold pieces.

Inventory:

Hand weapons
 a - a +0 quarterstaff (weapon)
Missiles
 d - 3 throwing nets
 r - 8 tomahawks (quivered)
Armour
 c - a +0 helmet (worn)
 h - a +0 chain mail (worn)
Jewellery
 l - a ring of fire (left hand)
 n - a ring of sustain attributes (right hand)
 o - an uncursed ring of fire
Magical devices
 s - a wand of confusion (17)
Scrolls
 b - a scroll of enchant armour
 e - a scroll of enchant weapon {unknown}
 f - 4 scrolls of random uselessness
 g - 2 scrolls of remove curse
 i - a scroll of magic mapping
 j - a scroll of immolation {unknown}
 k - a scroll of fog {unknown}
 m - a scroll of amnesia {unknown}
 p - 2 scrolls of blinking {unknown}
 q - a scroll of identify


   Skills:
 - Level 2.0 Fighting
 + Level 6.2 Staves
 - Level 1.5 Throwing
 - Level 2.4 Dodging


You had 5 spell levels left.
You didn't know any spells.

Dungeon Overview and Level Annotations

Branches:
Dungeon (4/15)             Temple (1/1) D:4

Altars:
Dithmenos
Elyvilon
Kikubaaqudgha
Makhleb
Ru
Trog
Vehumet
Yredelemnul
Zin
The Shining One

Annotations:
D:4 Eustachio


Innate Abilities, Weirdness & Mutations

You do not eat or drink.
Your flesh is vulnerable to fire.
You are immune to poison.
Your flesh is cold resistant.
You are immune to negative energy.
You are immune to unholy pain and torment.
You can survive without breathing.


Message History

The ufetubus barely misses you.
The ufetubus hits you but does no damage.
The quokka barely misses you. Eustachio hits you but does no damage.
The orc hits you but does no damage. The rat bites you but does no damage.
An orc comes into view. It is wielding a short sword.
The orc shouts!
You sock Eustachio!
Eustachio is almost dead.
The ufetubus barely misses you. The ufetubus closely misses you.
The bat hits you but does no damage. The quokka bites you.
* * * LOW HITPOINT WARNING * * *
The iron imp hits you.
* * * LOW HITPOINT WARNING * * *
The ufetubus hits you but does no damage.
The ufetubus barely misses you.
Eustachio zaps a wand.
You easily resist.
The rat closely misses you. The quokka closely misses you.
You closely miss Eustachio.
Eustachio is almost dead.
The bat hits you but does no damage. The ufetubus hits you.
You die...

......########.#
...............#
..[)..##########
......# ....÷.#
......#############
................5.#
...............55@#
.####.....o..{bo@.#
.# #...........rr#
.# #...........b.#
## #.............#
#.........(...#
#.............#
#####.............#
..................#
..................#


You could see Eustachio, an iron imp, a white imp, 2 orcs, an ufetubus, a
quokka, 2 bats and a rat.

Vanquished Creatures
  A crimson imp (D:4)
  2 orc priests
  2 orc wizards (D:3)
  A giant frog skeleton (D:4)
  2 worker ants (D:4)
  6 adders
  A shadow imp (D:3)
  An ooze (D:3)
  2 worms
  4 giant geckos
  15 orcs (D:3)
  A ball python (D:3)
  6 goblins
  8 hobgoblins
  7 jackals (D:2)
  6 kobolds
  12 bats
  A giant cockroach (D:4)
  2 giant newts
  A quokka (D:2)
  A quokka skeleton (D:4)
  4 rats
86 creatures vanquished.

Notes
Turn   | Place    | Note
--------------------------------------------------------------
     0 | D:1      | patman the Mummy Gladiator began the quest for the Orb.
     0 | D:1      | Reached XP level 1. HP: 16/16 MP: 1/1
   349 | D:1      | Reached XP level 2. HP: 22/22 MP: 2/2
   353 | D:1      | Reached skill level 3 in Staves
  1277 | D:2      | Reached XP level 3. HP: 17/27 MP: 3/3
  1496 | D:2      | Reached skill level 4 in Staves
  1537 | D:2      | Reached XP level 4. HP: 29/33 MP: 4/4
  2009 | D:3      | Reached XP level 5. HP: 38/38 MP: 5/5
  2211 | D:3      | Reached skill level 5 in Staves
  2610 | D:3      | Found a basalt altar of Yredelemnul.
  2610 | D:3      | Found a sacrificial altar of Ru.
  2760 | D:3      | Became a worshipper of Ru the Awakened
  3322 | D:4      | Reached XP level 6. HP: 26/44 MP: 6/6
  3448 | D:4      | Found a staircase to the Ecumenical Temple.
  3701 | Temple   | Entered the Ecumenical Temple
  3748 | Temple   | Fell from the grace of Ru
  3748 | Temple   | Became a worshipper of Trog the Wrathful
  3808 | D:4      | Reached skill level 6 in Staves
  4097 | D:4      | Noticed Eustachio
  4130 | D:4      | HP: 2/44 [iron imp[Eustachio] (5)]
  4131 | D:4      | Slain by an ufetubus

Vault maps used:
D:1:      dpeg_arrival_short_road
D:3:      gammafunk_temple_overflow_statue, first_bread
D:4:      minmay_temple_entry_hall, patterned_corridor, uniq_eustachio
Temple:   cyrus_temple_forest_13

Action                   |  1- 3 |  4- 6 || total
-------------------------+-------+-------++-------
Melee: Quarterstaff      |   130 |   234 ||   364
Invok: Burn Spellbooks   |       |     1 ||     1
Evoke: Wand              |       |     1 ||     1
  Use: Scroll            |       |     5 ||     5
 Stab: Confused          |       |     2 ||     2
